 Dungeon Crawl Stone Soup version 0.22-a0-142-g91cc6d7 (webtiles) character file.

565 Azzok the Fighter (level 7, -5/51 HPs)
             Began as a Gargoyle Fighter on Feb 5, 2018.
             Killed by divine providence
             ... invoked by an orc priest
              (12 damage)
             ... on level 5 of the Dungeon.
             The game lasted 00:06:57 (3226 turns).

Azzok the Fighter (Gargoyle Fighter)                Turns: 3226, Time: 00:06:57

Health: -5/51      AC: 11    Str: 22    XL:     7   Next: 32%
Magic:  7/7        EV:  7    Int:  8    God:
Gold:   144        SH:  9    Dex:  9    Spells: 6/6 levels left

rFire    . . .     SeeInvis .   a - +0 rapier
rCold    . . .     Gourm    .   c - +0 shield
rNeg     + . .     Faith    .   b - +0 scale mail
rPois    ∞         Spirit   .   (no helmet)
rElec    +         Reflect  .   (no cloak)
rCorr    .         Harm     .   (no gloves)
MR       .....                  (no boots)
Stlth    ..........             (no amulet)
HPRegen  0.17/turn              (no ring)
MPRegen  0.10/turn              (no ring)

@: no status effects
A: negative energy resistance 1, electricity resistance, unbreathing,
petrification resistance, rot immunity, AC +4
a: no special abilities


You were on level 5 of the Dungeon.
You were not hungry.

You visited 1 branch of the dungeon, and saw 5 of its levels.

You collected 144 gold pieces.

Inventory:

Hand Weapons
 a - a +0 rapier (weapon)
 u - a cursed -3 hand axe
Missiles
 i - 67 arrows
Armour
 b - a +0 scale mail (worn)
 c - a +0 shield (worn)
Jewellery
 n - an uncursed ring of ice
Scrolls
 e - 5 scrolls of teleportation {unknown}
 h - a scroll of random uselessness {unknown}
 j - a scroll of noise {unknown}
 k - a scroll of remove curse {unknown}
 m - 2 scrolls of blinking {unknown}
 o - a scroll of magic mapping {unknown}
 q - 4 scrolls of identify {unknown}
 r - 2 scrolls of enchant weapon {unknown}
Potions
 g - a potion of curing {unknown}
 l - a potion of agility
 p - 2 potions of haste {unknown}
 s - a potion of degeneration {unknown}
 t - 2 potions of berserk rage {unknown}
 v - a potion of brilliance {unknown}
Comestibles
 f - 5 rations


   Skills:
 * Level 9.0 Fighting
 - Level 1.7 Short Blades
 - Level 3.2 Armour
 - Level 3.2 Shields


You had 6 spell levels left.
You didn't know any spells.

Dungeon Overview and Level Annotations

Branches:
Dungeon (5/15)
 Temple: D:4-7

Altars:
Ashenzari
Fedhas
Gozag
Kikubaaqudgha
Trog
Xom
Yredelemnul
The Shining One

Shops:
D:5 *

Annotations:
D:5 Edmund


Innate Abilities, Weirdness & Mutations

You are resistant to torment.
Your stone body is resilient. (AC +4)
You are immune to poison.
You resist negative energy. (rN+)
You are resistant to electric shocks. (rElec)
You can survive without breathing.
You are immune to petrification.
You are immune to rotting.


Message History

Some rock shatters into small pieces.
It is a wand of digging (16).
You hit the orc.
The orc is severely wounded.
The orc hits you but does no damage.
You closely miss the orc.
The orc is severely wounded.
The orc hits you but does no damage.
The orc priest calls upon Beogh to heal the orc.
The orc's wounds heal themselves!
You block the orc's attack.
You puncture the orc!
You kill the orc!
You block the orc priest's attack.
The orc priest invokes the aid of Beogh against you.
Beogh smites you!
* * * LOW HITPOINT WARNING * * *
The orc priest invokes the aid of Beogh against you.
You struggle to resist.
The orc priest mumbles some strange prayers to Beogh against you.
Beogh smites you!
You die...

▒ ▒▒·▒▒▒▒'▒▒▒··· ▒·▒ ▒·▒
▒··▒ ▒·▒▒ ▒·▒ ▒··▒
▒▒▒▒╬▒▒▒··▒ ▒·▒▒▒··▒
▒·····▒▒▒·▒ ▒·▒·····
▒·········▒▒▒·▒·▒▒▒▒
▒▒▒▒▒····oo[···········▒
··········▒▒▒··▒········
·······@@·▒ ▒▒··········
·······▒▒▒▒ ▒·▒▒·······
······· ▒▒··▒·······
······· ▒▒▒▒▒········▒▒▒
······· ▒······(o····▒ ▒
······· ╬·····)······▒ ▒
······· ▒············▒
····[·····▒▒▒····>···▒
·· ▒····[···▒


You could see Edmund and 2 orc priests.

Vanquished Creatures
  Sigmund (D:5)
  2 howler monkeys
  A crimson imp (D:5)
  A centaur zombie (D:5)
  A hound (D:5)
  Terence (D:3)
  3 orc wizards (D:5)
  4 adders
  A worm (D:3)
  4 dart slugs
  6 orcs
  7 giant cockroaches
  6 goblins
  5 hobgoblins
  10 jackals
  8 kobolds
  A quokka (D:2)
  9 bats
  A frilled lizard (D:3)
  6 rats
78 creatures vanquished.

Vanquished Creatures (others)
  An orc wizard (D:5)
1 creature vanquished.

Grand Total: 79 creatures vanquished

Notes
Turn   | Place    | Note
-------+----------+-------------------------------------------
     0 | D:1      | Azzok the Gargoyle Fighter began the quest for the Orb.
     0 | D:1      | Reached XP level 1. HP: 14/14 MP: 1/1
    39 | D:1      | Reached skill level 4 in Fighting
    39 | D:1      | Reached XP level 2. HP: 20/20 MP: 2/2
   319 | D:1      | Reached XP level 3. HP: 19/24 MP: 3/3
   576 | D:1      | Reached skill level 5 in Fighting
  1165 | D:2      | Found a basalt altar of Yredelemnul.
  1287 | D:2      | Reached XP level 4. HP: 31/31 MP: 4/4
  1391 | D:2      | Found a shimmering altar of Xom.
  1440 | D:2      | Found a bloodstained altar of Trog.
  1441 | D:2      | Found an opulent altar of Gozag.
  1677 | D:3      | Found an ancient bone altar of Kikubaaqudgha.
  1679 | D:3      | Found a blossoming altar of Fedhas.
  1761 | D:3      | Found a glowing golden altar of the Shining One.
  1936 | D:3      | Found a shattered altar of Ashenzari.
  1936 | D:3      | Noticed Terence
  1985 | D:3      | Killed Terence
  1985 | D:3      | Reached skill level 6 in Fighting
  1985 | D:3      | Reached XP level 5. HP: 35/36 MP: 5/5
  2383 | D:4      | Noticed an ogre
  2419 | D:5      | Entered Level 5 of the Dungeon
  2681 | D:5      | Reached skill level 7 in Fighting
  2681 | D:5      | Reached XP level 6. HP: 40/44 MP: 6/6
  2695 | D:5      | Noticed Sigmund
  2712 | D:5      | Killed Sigmund
  2712 | D:5      | Reached skill level 8 in Fighting
  2717 | D:5      | Reached XP level 7. HP: 37/50 MP: 7/7
  2776 | D:5      | Reached skill level 9 in Fighting
  2948 | D:5      | Noticed Edmund
  3140 | D:5      | Found Hamn's Elemental Accessories.
  3226 | D:5      | Killed from afar by an orc priest

Vault maps used:
D:1:      erik_arrival_blinker_ship
D:2:      old_standard_altar, lemuel_crystal_altar,
          gammafunk_temple_overflow_pools
D:3:      grunt_temple_overflow_growth_and_decay, marbit_many_paths,
          ashenzari_conservatory_becter, first_ration, uniq_terence
D:4:      nemelex_xobeh_ov_fountains_minmay, minmay_goblin_kobold_house
D:5:      nicolae_elemental_shop, uniq_edmund, uniq_sigmund

Skill      XL: |  1  2  3  4  5  6  7 |
---------------+----------------------+-----
Fighting       | 4 5 6 7 8 9 |  9.0
Short Blades   | |  1.7
Armour         | |  3.2
Shields        | |  3.2

Action                   |  1- 3 |  4- 6 |  7- 9 || total
-------------------------+-------+-------+-------++-------
Melee: Rapier            |   164 |   129 |    51 ||   344
  Use: Potion            |       |     1 |       ||     1
  Eat: Chunk             |     1 |     5 |     2 ||     8
Armor: Scale mail        |   101 |    74 |    37 ||   212
Dodge: Dodged            |    45 |    40 |     7 ||    92
Block: Shield            |    92 |    61 |    16 ||   169

Table legend:
 A = Spawn XP
 B = Non-spawn XP
 C = Spawn XP percentage of total XP
 D = Spawn monster count
 E = Non-spawn monster count
 F = Spawn count percentage of total count
 G = Total turns spent on level
                    A         B        C        D         E        F      G
               +---------+---------+-------+---------+---------+-------+---------
         Total |       0 |     808 |   0.0 |       0 |      79 |   0.0 |  3226
               +---------+---------+-------+---------+---------+-------+---------
           D:1 |       0 |      69 |   0.0 |       0 |      36 |   0.0 |  1152
           D:2 |       0 |      44 |   0.0 |       0 |      13 |   0.0 |   389
           D:3 |       0 |      59 |   0.0 |       0 |      10 |   0.0 |   728
           D:4 |       0 |      63 |   0.0 |       0 |       5 |   0.0 |   150
           D:5 |       0 |     573 |   0.0 |       0 |      15 |   0.0 |   807
               +---------+---------+-------+---------+---------+-------+---------
